 Dungeon Crawl Stone Soup version 0.31.0-11-ge490571c62 (webtiles) character file.

Game seed: 13748860506584537711

9 browni3141 the Firebug (level 2, 19/19 HPs)
             Began as a Demonspawn Fire Elementalist on Jan 30, 2024.
             Got out of the dungeon alive.
             The game lasted 00:00:28 (309 turns).

browni3141 the Firebug (DsFE)                        Turns: 309, Time: 00:00:29

Health: 19/19      AC:  2    Str:  8    XL:     2   Next: 3%
Magic:  3/5        EV: 12    Int: 15    God:
Gold:   5          SH:  0    Dex: 15    Spells: 4/5 levels left

rFire   . . .        (no weapon)
rCold   . . .        (no shield)
rNeg    . . .        a - +0 robe
rPois   .            (no helmet)
rElec   .            (no cloak)
rCorr   .            (no gloves)
SInv    .            (no boots)
Will    .....        (no amulet)
Stlth   +++          (no ring)
HPRegen 0.23/turn    (no ring)
MPRegen 0.09/turn

%: no passive effects
@: no status effects
A: thin skeletal structure 1
a: no special abilities


You escaped.
You visited 1 branch of the dungeon, and saw 1 of its levels.

You collected 5 gold pieces.

Inventory:

Armour
 a - a +0 robe (worn)
Scrolls
 c - a scroll of revelation {unknown}
Potions
 b - a potion of magic


   Skills:
 + Level 1.9 Dodging
 + Level 2.0 Stealth
 + Level 2.1 Spellcasting
 + Level 1.2 Conjurations
 + Level 2.8 Fire Magic


You had 4 spell levels left.
You knew the following spells:

 Your Spells              Type           Power      Damage    Failure   Level
a - Foxfire               Conj/Fire      28%        2x1d5     10%         1

Your spell library contained the following spells:

 Spells                   Type           Power      Damage    Failure   Level
 Scorch                   Fire           20%        2d5       11%         2
 Inner Flame              Hex/Fire       5%         N/A       36%         3
 Volatile Blastmotes      Fire/Tloc      10%        2d10      36%         3
 Flame Wave               Conj/Fire      7%         2d5       67%         4


Dungeon Overview and Level Annotations

Branches:
Dungeon (1/15)

Altars:


Innate Abilities, Weirdness & Mutations

You have a somewhat thin skeletal structure. (Dex +2, Stealth+)


Message History

The giant cockroach bites you but does no damage.
The giant cockroach bites you.
The giant cockroach attacks as it pursues you!
The giant cockroach bites you.
There is a staircase leading out of the dungeon here.
You conjure some foxfire!
The giant cockroach misses you.
The foxfire hits the giant cockroach.
The giant cockroach is almost dead.
The foxfire hits the giant cockroach.
You kill the giant cockroach!
Your magical contamination has completely faded away.
Magic restored.
HP restored.
You open the door.
A giant cockroach comes into view.
A giant cockroach is nearby!
A giant cockroach is nearby!
A giant cockroach is nearby!
You conjure some foxfire!
The foxfire hits the giant cockroach but does no damage.
The foxfire hits the giant cockroach.
The giant cockroach is moderately wounded.
The giant cockroach barely misses you.
You conjure some foxfire!
The giant cockroach barely misses you.
The foxfire hits the giant cockroach but does no damage.
The giant cockroach is moderately wounded.
The giant cockroach bites you.
The foxfire hits the giant cockroach.
The giant cockroach is almost dead.
You conjure some foxfire!
The giant cockroach bites you.
The foxfire hits the giant cockroach.
You kill the giant cockroach!
Your foxfire dissipates!
There is an open door here.
Found an escape hatch in the floor.
A ball python comes into view.
The ball python hisses angrily.
The ball python moves out of view.
A quokka comes into view.
There are monsters nearby!
You conjure some foxfire!
The foxfire hits the ball python.
The ball python is severely wounded.
The foxfire hits the ball python.
You kill the ball python!
You conjure some foxfire!
The foxfire hits the quokka.
The quokka is heavily wounded.
The foxfire hits the quokka.
You kill the quokka!
You see here a quokka corpse.
You now have 5 gold pieces.
A frilled lizard comes into view.
The frilled lizard hisses angrily.
A frilled lizard is nearby!
A frilled lizard is nearby!
A frilled lizard is nearby!
You conjure some foxfire!
A kobold comes into view. It is wielding a +0 short sword.
The foxfire hits the frilled lizard.
You kill the frilled lizard!
Your foxfire dissipates!
You start resting.
Magic restored.
A ball python comes into view.
The ball python hisses angrily.
A ball python is nearby!
A ball python is nearby!
You conjure some foxfire!
The foxfire hits the ball python.
You kill the ball python!
Your foxfire dissipates!
c - a scroll labelled AFOAKH BOPORID
Found a faded altar of an unknown god.
A giant cockroach comes into view.
You conjure some foxfire!
The foxfire hits the giant cockroach.
The giant cockroach is moderately wounded.
The foxfire hits the giant cockroach.
The giant cockroach is almost dead.
You conjure some foxfire!
The foxfire hits the giant cockroach.
You kill the giant cockroach!
Your Stealth skill increases to level 2!
You have reached level 2!
Your demonic ancestry asserts itself...
Your bones become slightly less dense.
Your foxfire dissipates!
A jackal comes into view.
You can't go up here!
A jackal is nearby!
You conjure some foxfire!
You conjure some foxfire!
You are out of magic!
You are out of magic!
You are out of magic!
Your foxfire dissipates!
You see here a ball python corpse.
There is an open door here.
There is a staircase leading out of the dungeon here.
Alright, then stay!
You have escaped!

#.#
#........###.###
...
#........'.....†
#.#
##.##....####...
#.###.# #.....#
#... .# #.#.##
#..##.# #... ..#
##.## ##.###.#
#...
#.###.#.###.## #.#
#... #.#.#.#.#.##
... ....
#.#.@.#.##
#####..#
#.#.#.#.#.# #..#
#.###.#.###.# ..#
##.## #.. ###
##.#.######.
###.###.#...# #
#####..#####..#.#
...............#.#
.###############.#


There were no monsters in sight!

Vanquished Creatures
  2 ball pythons (D:1)
  3 giant cockroaches (D:1)
  A quokka (D:1)
  A frilled lizard (D:1)
7 creatures vanquished.

Vanquished Creatures (others)
  20 foxfires (D:1)
20 creatures vanquished.

Grand Total: 27 creatures vanquished

Notes
Turn   | Place    | Note
-------+----------+-------------------------------------------
     0 | D:1      | browni3141 the Demonspawn Fire Elementalist began the quest
                  | for the Orb.
     0 | D:1      | Reached XP level 1. HP: 13/13 MP: 3/3
   258 | D:1      | Found a faded altar of an unknown god.
   265 | D:1      | Gained mutation: You have a somewhat thin skeletal
                  | structure. (Dex +2, Stealth+) [demonic ancestry]
   265 | D:1      | Reached XP level 2. HP: 19/19 MP: 1/5
   309 | D:$      | Got out of the dungeon alive.

Illustrated notes

Levels and vault maps discovered:
D:1:      minmay_arrival_diagonal_passages, layout_basic,
          shapermc_ecumenical_altar_mp_highgroup, minmay_misc_feat_pillars,
          serial_bayou_pond_a

Skill      XL: |  1 |
---------------+----+-----
Stealth        | 2 |  2.0
Dodging        | |  1.9
Spellcasting   | |  2.1
Conjurations   | |  1.2
Fire Magic     | |  2.8

Action                     || total
---------------------------++-------
  Melee: Unarmed           ||    15
   Cast: Foxfire           ||    13
 Armour: Robe              ||    16
  Dodge: Dodged            ||    14
